 Dungeon Crawl Stone Soup version 0.27.1-33-g824d729ab1 (webtiles) character file.

Game seed: 10232014242232914321

858 pkoi the Ruffian (level 7, -1/58 HPs)
             Began as a Green Draconian Monk on Nov 24, 2021.
             Was a Believer of Dithmenos.
             Slain by an orc warrior (5 damage)
             ... on level 5 of the Dungeon.
             The game lasted 00:09:39 (6659 turns).

pkoi the Ruffian (Green Draconian Monk)             Turns: 6659, Time: 00:09:39

Health: -1/58      AC:  6    Str: 20    XL:     7   Next: 71%
Magic:  8/10       EV: 12    Int: 12    God:    Dithmenos [**....]
Gold:   242        SH:  0    Dex: 13    Spells: 3/10 levels left

rFire    . . .     SeeInvis .     - Unarmed
rCold    + . .     Faith    .   (no shield)
rNeg     . . .     Spirit   .   (armour unavailable)
rPois    +         Reflect  .   (helmet restricted)
rElec    .         Harm     .   (no cloak)
rCorr    .         Rampage  .   (no gloves)
Will     .....                  (no boots)
Stlth    ++........             (no amulet)
HPRegen  0.19/turn              a - ring of protection from cold
MPRegen  0.12/turn              m - +6 ring of strength

@: wreathed by umbra
A: breathe noxious fumes, AC +6, unfitting armour, poison resistance,
cold-blooded
a: Breathe Noxious Fumes, Renounce Religion, Shadow Step


You were on level 5 of the Dungeon.
You worshipped Dithmenos.
Dithmenos was pleased with you.
You visited 1 branch of the dungeon, and saw 5 of its levels.
You also visited: Sewer.

You collected 242 gold pieces.

Inventory:

Hand Weapons
 i - a +2 hand axe of venom
Missiles
 j - 15 boomerangs
 p - 17 poisoned darts
Jewellery
 a - a ring of protection from cold (left hand)
 m - a +6 ring of strength (right hand)
Wands
 e - a wand of polymorph (8)
 k - a wand of paralysis (9)
 u - a wand of charming (11)
Scrolls
 c - 2 scrolls of teleportation
 h - 6 scrolls of enchant armour
 q - 2 scrolls of fog {unknown}
 r - 3 scrolls of summoning {unknown}
 t - a scroll of fear {unknown}
Potions
 b - 2 potions of resistance {unknown}
 d - 2 potions of might {unknown}
 f - 2 potions of heal wounds {unknown}
 g - 2 potions of curing {unknown}
 l - a potion of brilliance {unknown}
 n - a potion of haste {unknown}
 o - 2 potions of mutation {unknown}
 s - 2 potions of magic {unknown}


   Skills:
 - Level 3.6 Fighting
 - Level 3.0 Dodging
 - Level 1.7 Stealth
 + Level 6.8 Unarmed Combat
 + Level 2.3 Spellcasting
 + Level 2.5 Hexes
 + Level 3.1 Translocations
 + Level 1.0 Transmutations
 + Level 1.2 Poison Magic


You had 3 spell levels left.
You knew the following spells:

 Your Spells              Type           Power      Damage    Failure   Level
a - Gell's Gravitas       Tloc           4%         N/A       22%         3
b - Confusing Touch       Hex            7%         N/A       28%         3
c - Sting                 Tmut/Pois      16%        1d3       16%         1

Your spell library contained the following spells:

 Spells                   Type           Power      Damage    Failure   Level
 Corona                   Hex            7%         N/A       10%         1
 Slow                     Hex            7%         N/A       14%         2
 Lesser Beckoning         Tloc           4%         N/A       22%         3
 Teleport Other           Tloc           9%         N/A       22%         3
 Vampiric Draining        Necr           0%         2d6       61%         3


Dungeon Overview and Level Annotations

Branches:
Dungeon (5/15)              Sewer (visited)
 Temple: D:4-7

Altars:
Dithmenos
Sif Muna

Annotations:
D:5 Eustachio


Innate Abilities, Weirdness & Mutations

You can breathe blasts of noxious fumes.
Your lurid green scales are hard. (AC +6)
You cannot fit into any form of body armour.
Your system is resistant to poisons. (rPois)
You are cold-blooded and may be slowed by cold attacks.


Message History

You are too injured to fight recklessly!
You are too injured to fight recklessly!
You are too injured to fight recklessly!
You are too injured to fight recklessly!
You are too injured to fight recklessly!
You are too injured to fight recklessly!
You are too injured to fight recklessly!
You are too injured to fight recklessly!
You are too injured to fight recklessly!
You are too injured to fight recklessly!
You are too injured to fight recklessly!
You are too injured to fight recklessly!
Unknown command.
Aiming: Sting (safe; 16% risk of failure)
Press: ? - help, Q - select action, (/) - cycle Shift-Dir - straight line, f - orc warrior
Aim: an orc warrior, wielding a +0 long sword of flaming and wearing a +0 chain mail (moderately wounded, umbra, 60% to hit)
The sting misses the orc warrior.
The orc warrior hits you with a +0 long sword of flaming!
* * * LOW HITPOINT WARNING * * *
The orc warrior burns you.
* * * LOW HITPOINT WARNING * * *
Aiming: Sting (safe; 16% risk of failure)
Press: ? - help, Q - select action, (/) - cycle Shift-Dir - straight line, f/p - orc warrior
Aim: an orc warrior, wielding a +0 long sword of flaming and wearing a +0 chain mail (moderately wounded, umbra, 60% to hit)
The sting hits the orc warrior.
The orc warrior is poisoned.
The orc warrior is moderately wounded.
The orc warrior hits you with a +0 long sword of flaming.
* * * LOW HITPOINT WARNING * * *
The orc warrior burns you.
* * * LOW HITPOINT WARNING * * *
Aiming: Sting (safe; 16% risk of failure)
Press: ? - help, Q - select action, (/) - cycle Shift-Dir - straight line, f/p - orc warrior
Aim: an orc warrior, wielding a +0 long sword of flaming and wearing a +0 chain mail (heavily wounded, poisoned, umbra, 60% to hit)
The sting hits the orc warrior but does no damage.
The orc warrior looks even sicker.
The orc warrior is heavily wounded.
The orc warrior hits you with a +0 long sword of flaming!
* * * LOW HITPOINT WARNING * * *
The orc warrior burns you.
You die...

...#∩#
###.....########....#
#...##
#.#####≈≈≈≈###....#
##)..## #.#
###≈≈≈≈#......# ##...##
#.# #.+≈≈≈≈'.#....# #
##...## #.#
#.#≈≈≈≈####.#.####
##...####.# #.#≈≈≈≈
#....##. #......#.#
#.####### #..#...#
######.#.###..####.#
##...##. #.#...o@......#
##..####
#....##..####.###.≈...##
#....##...........≈≈..#
#....##.###...###.≈≈..#
#.#.###.# #.#.##..≈...#
#.#.# #.###.#.##....≈.#
#.#.###..............##
#.#.............##...#
#.#.###.###.#.#.######


You could see an orc warrior (very poisoned).

Vanquished Creatures
  A sky beast (D:4)
  A necrophage (D:5)
  2 kobold brigands (Sewer)
  A scorpion (D:4)
  3 hounds
  2 orc priests
  A gnoll shaman (D:3)
  An orc wizard (D:5)
  An iguana (D:5)
  A howler monkey zombie (D:5)
  4 gnolls (D:3)
  6 adders
  A river rat (Sewer)
  6 worms
  3 dart slugs
  9 orcs
  7 ball pythons
  10 endoplasms
  6 giant cockroaches
  10 goblins
  7 hobgoblins
  6 jackals
  13 kobolds
  4 quokkas
  10 bats
  5 frilled lizards
  9 rats
130 creatures vanquished.

Notes
Turn   | Place    | Note
-------+----------+-------------------------------------------
     0 | D:1      | pkoi the Draconian Monk began the quest for the Orb.
     0 | D:1      | Reached XP level 1. HP: 19/19 MP: 1/1
   218 | D:1      | Reached XP level 2. HP: 26/26 MP: 2/2
   560 | D:1      | Reached skill level 4 in Unarmed Combat
   696 | D:1      | Reached XP level 3. HP: 28/31 MP: 3/3
   768 | D:1      | Found a faded altar of an unknown god.
  1525 | D:2      | Reached skill level 5 in Unarmed Combat
  1525 | D:2      | Reached XP level 4. HP: 38/38 MP: 4/4
  2135 | D:3      | Reached XP level 5. HP: 12/45 MP: 5/5
  2650 | D:3      | Learned a level 3 spell: Gell's Gravitas
  2931 | D:3      | Reached skill level 6 in Unarmed Combat
  3440 | D:4      | Noticed a sky beast
  3542 | D:4      | Reached skill level 1 in Translocations
  3675 | D:4      | Reached skill level 1 in Spellcasting
  3675 | D:4      | Reached XP level 6. HP: 10/52 MP: 7/7
  3995 | D:4      | Found a shadowy altar of Dithmenos.
  4009 | D:4      | Learned a level 3 spell: Confusing Touch
  4010 | D:4      | Became a worshipper of Dithmenos the Shadowed
  4010 | D:4      | Reached * piety under Dithmenos
  4010 | D:4      | Reached ** piety under Dithmenos
  4511 | D:4      | Killed a sky beast
  4512 | D:4      | Reached skill level 1 in Hexes
  5409 | D:5      | Entered Level 5 of the Dungeon
  5478 | D:5      | Your scales start taking on a lurid green colour.
  5478 | D:5      | Reached XP level 7. HP: 57/58 MP: 10/10
  5478 | D:5      | Gained mutation: Your system is resistant to poisons.
                  | (rPois) [Green Draconian growth]
  5483 | D:5      | Noticed Eustachio
  5601 | D:5      | Found a shimmering blue altar of Sif Muna.
  5615 | D:5      | Got Sif Muna's Disquisition on Hexes and Contamination
  5726 | D:5      | Found a glowing drain.
  5755 | Sewer    | Entered a sewer
  5960 | Sewer    | Learned a level 1 spell: Sting
  6556 | D:5      | Reached skill level 1 in Transmutations
  6556 | D:5      | Reached skill level 1 in Poison Magic
  6659 | D:5      | Slain by an orc warrior

Illustrated notes

Levels and vault maps discovered:
D:1:      nzn_arrival_crosshair, layout_loops_cross, basic_ecumenical_altar
D:2:      layout_loops_ring, minmay_goblin_outpost
D:3:      layout_loops_ring, grunt_ministairs_1
D:4:      layout_basic, old_standard_altar
D:5:      layout_loops_ring, nzn_overflow_gifts_of_might_and_magic,
          kennysheep_little_box, serial_rivers, chequers_serial_rivers_micro_c,
          chequers_serial_rivers_room_b, chequers_serial_rivers_small_b,
          chequers_serial_rivers_micro_d, chequers_serial_rivers_small_3,
          chequers_serial_rivers_micro_b, gup_sewer_entry_pipe, uniq_eustachio

Skill      XL: |  1  2  3  4  5  6  7 |
---------------+----------------------+-----
Unarmed Combat | 4 5 6 |  6.8
Translocations | 1 2 3 |  3.1
Dodging        | 3 |  3.0
Spellcasting   | 1 2 |  2.3
Hexes          | 1 2 |  2.5
Transmutations | 1 |  1.0
Poison Magic   | 1 |  1.2
Fighting       | |  3.6
Stealth        | |  1.7

Action                   |  1- 3 |  4- 6 |  7- 9 || total
-------------------------+-------+-------+-------++-------
Melee: Unarmed           |   151 |   212 |   120 ||   483
       Tailslap          |    22 |    22 |    16 ||    60
       Punch             |     6 |     5 |     5 ||    16
       Hand axe          |       |       |    29 ||    29
Throw: Boomerang         |       |     5 |       ||     5
 Cast: Sting             |       |       |    14 ||    14
 Abil: Breathe Noxious F |       |       |     1 ||     1
  Use: Scroll            |       |     7 |     1 ||     8
       Potion            |       |     2 |       ||     2
 Stab: Sleeping          |     4 |     3 |     1 ||     8
Armor: Skin              |    43 |    83 |    26 ||   152
Dodge: Dodged            |    91 |   154 |    73 ||   318
